 Dungeon Crawl Stone Soup version 0.31.0-12-g77e489cdc1 (webtiles) character file.

Game seed: 2545032088657116046

15617 Gadfly the Thrower (level 12, -8/124 HPs)
             Began as an Oni Gladiator on Feb 15, 2024.
             Was a High Priest of Okawaru.
             Mangled by a komodo dragon (16 damage)
             ... on level 2 of the Lair of Beasts.
             The game lasted 00:28:48 (16745 turns).

Gadfly the Thrower (Oni Gladiator)                 Turns: 16745, Time: 00:28:48

Health: -8/124     AC: 18    Str: 25    XL:     12   Next: 28%
Magic:  19/19      EV:  5    Int: 11    God:    Okawaru [*****.]
Gold:   779        SH:  5    Dex: 16    Spells: 11/11 levels left

rFire   . . .        a - +3 dire flail (heavy)
rCold   . . .        (shield currently unavailable)
rNeg    . . .        c - +0 steam dragon scales
rPois   .            f - +3 crown of Dyrovepreva {rElec Int+2 SInv}
rElec   +            u - +2 cloak
rCorr   .            (gloves unavailable)
SInv    +            (boots unavailable)
Will    +....        i - amulet of reflection
Stlth   +            B - +4 ring of protection
HPRegen 0.40/turn    E - +6 ring of dexterity
MPRegen 0.16/turn

%: reflection
@: petrifying (expiring), studying Throwing, very slow
A: large, unfitting armour, horns 1, tough skin 1, double potion healing,
drunken brawling
a: Renounce Religion, Heroism, Finesse, Duel


You were on level 2 of the Lair of Beasts.
You worshipped Okawaru.
Okawaru was extremely pleased with you.
You visited 3 branches of the dungeon, and saw 15 of its levels.
You also visited: Ossuary.

You collected 923 gold pieces.
You spent 144 gold pieces at shops.

Inventory:

Hand Weapons
 a - a +3 heavy dire flail (weapon)
 b - a +0 war axe of flaming
 C - a +4 long sword
Missiles
 d - 5 throwing nets
 e - a large rock
 h - 14 boomerangs
 m - 4 darts of dispersal
 q - a curare-tipped dart
 G - 4 javelins (quivered)
Armour
 c - +0 steam dragon scales (worn)
 f - the +3 crown of Dyrovepreva (worn) {rElec Int+2 SInv}
   (You acquired it in an ossuary)

   Int+2:     It affects your intelligence (+2).
   rElec:     It insulates you from electricity.
   SInv:      It lets you see invisible.
 u - a +2 cloak (worn)
 M - a +1 robe
Jewellery
 i - an amulet of reflection (around neck)
 k - a ring of fire
 B - a +4 ring of protection (left hand)
 E - a +6 ring of dexterity (right hand)
 I - a ring of flight
 J - a ring of poison resistance
 N - a ring of protection from cold
Scrolls
 l - 3 scrolls of teleportation
 v - a scroll of fog
 w - 3 scrolls of revelation
 x - 2 scrolls of poison
 y - 5 scrolls of identify
 A - a scroll of fear
 F - a scroll of enchant armour
 H - 4 scrolls of vulnerability
 K - a scroll of blinking
 L - a scroll of silence
Potions
 g - 2 potions of mutation
 j - 2 potions of haste
 n - 5 potions of curing
 o - a potion of might
 p - a potion of resistance
 r - a potion of berserk rage
 s - a potion of cancellation
 t - 4 potions of enlightenment
 z - a potion of attraction


   Skills:
 + Level 9.6 Fighting
 * Level 10.7 Maces & Flails
 + Level 10.7 Throwing
 * Level 9.2 Armour
 - Level 2.6 Dodging
 + Level 9.4 Invocations


You had 11 spell levels left.
You didn't know any spells.
Your spell library contained the following spells:

 Spells                   Type           Power      Damage    Failure   Level
 Kiss of Death            Conj/Necr      0%         2d5       34%         1
 Sting                    Conj/Alch      0%         1d3       34%         1
 Ensorcelled Hibernation  Hex/Ice        0%         N/A       47%         2
 Lesser Beckoning         Tloc           0%         N/A       47%         2
 Mercury Vapours          Alch/Air       0%         N/A       47%         2
 Confusing Touch          Hex            0%         N/A       71%         3
 Fugue of the Fallen      Necr           0%         N/A       71%         3
 Gell's Gravitas          Tloc           0%         N/A       71%         3
 Sigil of Binding         Hex            0%         N/A       71%         3
 Teleport Other           Tloc           0%         N/A       71%         3
 Anguish                  Hex/Necr       0%         N/A       98%         4
 Dimensional Bullseye     Hex/Tloc       0%         N/A       98%         4
 Dispel Undead            Necr           0%         3d6       98%         4
 Olgreb's Toxic Radiance  Alch           0%         N/A       98%         4
 Ozocubu's Refrigeration  Ice            0%         4d7       100%        7
 Discord                  Hex            0%         N/A       100%        8
 Call Canine Familiar     Summ           Unusable   N/A       N/A         3

Dungeon Overview and Level Annotations

Branches:
Dungeon (12/15)            Temple (1/1) D:6            Lair (2/5) D:10
    Orc (0/2) D:12        Ossuary (visited)
  Swamp: Lair:2-3    Shoals: Lair:2-3     Snake: Lair:2-3    Spider: Lair:2-3

Altars:
Ashenzari
Cheibriados
Dithmenos
Elyvilon
Fedhas
Gozag
Hepliaklqana
Kikubaaqudgha
Makhleb
Nemelex Xobeh
Okawaru
Qazlal
Ru
Sif Muna
Trog
Uskayaw
Vehumet
Wu Jian
Xom
Yredelemnul
Zin
The Shining One

Shops:
D:8 (   D:9 :   D:10 ([*:

Annotations:
D:5 Dowan, Duvessa
Lair:1 2 transporters, Ypamuuh's ghost, journeyman OpSh


Innate Abilities, Weirdness & Mutations

You are too large for most types of armour.
You have a pair of small horns on your head.
You have tough skin. (AC +1)
You gain doubled healing and magic from potions.
Whenever you drink a healing potion, you attack all around you.


Message History

You puncture the catoblepas!
The catoblepas is heavily wounded.
The catoblepas gores you!! The komodo dragon barely misses you.
You are too injured to fight recklessly!
Unknown command.
You hit the catoblepas but do no damage.
You headbutt the catoblepas.
The catoblepas is heavily wounded.
The catoblepas barely misses you. The komodo dragon barely misses you.
Unknown command.
You sock the catoblepas!
The catoblepas is heavily wounded.
The blink frog is no longer petrified.
The blink frog blinks!
The catoblepas breathes a plume of calcifying dust at you.
The blast of calcifying dust hits you but does no damage.
The komodo dragon bites you!
The blink frog blinks! x2
The catoblepas closely misses you.
You bludgeon the catoblepas!!
The catoblepas is almost dead.
You are engulfed in calcifying dust.
You are slowing down.
The blink frog is no longer petrified.
The komodo dragon bites you but does no damage.
The catoblepas gores you! The komodo dragon bites you!
* * * LOW HITPOINT WARNING * * *
The blink frog blinks!
The catoblepas barely misses you.
The blink frog is engulfed in calcifying dust.
The blink frog is moving more slowly.
The blink frog blinks!
You block the komodo dragon's attack.
Your limbs are stiffening.
You puncture the blink frog!
You kill the blink frog!
Okawaru accepts your kill.
The blink frog blinks!
The catoblepas gores you!!
* * * LOW HITPOINT WARNING * * *
The komodo dragon bites you but does no damage.
The catoblepas gores you!!
* * * LOW HITPOINT WARNING * * *
The komodo dragon bites you!!
You die...

# ######P##
####PP......
#†.<..P..[..
#.(F...§....
#.@l........
#§§Y........
#...F........
#............
..............
#..............
...##........<..
..## ####......
## .##...


You could see a catoblepas, a komodo dragon and 2 blink frogs.

Vanquished Creatures
  A reaper (Lair:1)
  A two-headed ogre (D:10)
  Urug (D:11)
  Maurice (D:7)
  An elephant (Lair:1)
  Joseph (D:8)
  A torpor snail (Lair:1)
  A black mamba (Lair:1)
  3 cane toads
  Maggie (D:8)
  Psyche (D:8)
  A hornet (D:9)
  4 dream sheep (Lair:1)
  7 blink frogs
  A shadow (D:6)
  18 yaks
  2 wyverns (D:10)
  A basilisk (D:10)
  A human (Lair:1)
  Eustachio (D:5)
  2 steam dragons
  9 water moccasins
  An acid dragon (D:10)
  3 orc warriors
  3 sky beasts
  An ice beast (D:6)
  2 black bears
  4 ogres
  2 centaurs
  A phantom (D:4)
  Blork the orc (D:4)
  A gnoll sergeant (D:9)
  A kobold brigand (D:7)
  7 bullfrogs
  6 scorpions
  4 wights (D:7)
  4 killer bees (D:10)
  4 howler monkeys (D:11)
  2 bombardier beetles (D:5)
  5 hounds
  A gnoll bouda (D:5)
  5 orc priests
  3 jellies
  Crazy Yiuf (D:3)
  2 orc wizards
  5 iguanas
  8 mummies (Ossuary)
  10 gnolls
  8 adders
  2 ribbon worms
  A dart slug (D:2)
  20 orcs
  A bat (D:2)
  8 endoplasms
  8 giant cockroaches
  A gnoll zombie (Ossuary)
  7 goblins
  11 hobgoblins
  3 jackals (D:1)
  10 kobolds
  9 quokkas
  7 ball pythons
  2 frilled lizards
  5 kobold zombies (Ossuary)
  2 orc zombies (Ossuary)
  5 rats
257 creatures vanquished.

Vanquished Creatures (others)
  An orc priest (D:8)
  An orc wizard (D:8)
  5 orcs (D:8)
7 creatures vanquished.

Grand Total: 264 creatures vanquished

Notes
Turn   | Place    | Note
-------+----------+-------------------------------------------
     0 | D:1      | Gadfly the Oni Gladiator began the quest for the Orb.
     0 | D:1      | Reached XP level 1. HP: 22/22 MP: 1/1
   481 | D:1      | Reached XP level 2. HP: 25/29 MP: 2/2
   484 | D:1      | Reached skill level 1 in Invocations
  1195 | D:2      | Reached skill level 1 in Armour
  1195 | D:2      | Reached XP level 3. HP: 37/37 MP: 4/4
  1475 | D:2      | Reached XP level 4. HP: 44/45 MP: 5/5
  1972 | D:2      | Found a faded altar of an unknown god.
  2194 | D:3      | You fall into a shaft and drop 2 floors!
  2194 | D:5      | Entered Level 5 of the Dungeon
  2309 | D:4      | Found a sand-covered staircase.
  2314 | Ossuary  | Entered an ossuary
  2341 | Ossuary  | Reached XP level 5. HP: 34/53 MP: 6/6
  2854 | Ossuary  | Identified a scroll of acquirement
  2915 | D:3      | Found a shimmering blue altar of Sif Muna.
  3930 | D:3      | Acquired the +3 crown of Dyrovepreva {rElec Int+2 SInv}
  3930 | D:3      | Found the +3 crown of Dyrovepreva {rElec Int+2 SInv}
  4247 | D:3      | Reached XP level 6. HP: 62/62 MP: 8/8
  4465 | D:3      | Found a runed translucent door.
  4466 | D:3      | Noticed Crazy Yiuf
  4670 | D:3      | Killed Crazy Yiuf
  5008 | D:4      | Reached XP level 7. HP: 16/71 MP: 10/10
  5359 | D:4      | Found a snail-covered altar of Cheibriados.
  5432 | D:4      | Reached skill level 5 in Fighting
  5576 | D:4      | Noticed Blork the orc
  5587 | D:4      | Killed Blork the orc
  5588 | D:4      | Reached XP level 8. HP: 55/80 MP: 11/11
  6538 | D:5      | Reached skill level 5 in Invocations
  6754 | D:5      | Noticed Duvessa
  6754 | D:5      | Noticed Dowan
  6800 | D:5      | Noticed Eustachio
  6817 | D:5      | Killed Eustachio
  6818 | D:5      | Reached skill level 5 in Maces & Flails
  6818 | D:5      | Reached skill level 5 in Throwing
  7016 | D:5      | Found a shadowy altar of Dithmenos.
  7425 | D:6      | Reached skill level 5 in Armour
  7519 | D:6      | Reached XP level 9. HP: 60/88 MP: 13/13
  7630 | D:6      | Found a staircase to the Ecumenical Temple.
  7737 | Temple   | Entered the Ecumenical Temple
  7760 | Temple   | Became a worshipper of Warmaster Okawaru
  7819 | D:6      | Found a runed translucent door.
  7821 | D:6      | Found a runed translucent door.
  8704 | D:6      | Reached * piety under Okawaru
  8998 | D:7      | Identified the +1 leather armour "Tutihier" {rC- Will+
                  | Dex+5}
  9075 | D:7      | Acquired a manual of Throwing
  9733 | D:7      | Noticed Maurice
  9739 | D:7      | Maurice stole 12 poisoned darts
  9745 | D:7      | Maurice stole a +3 dire flail
  9747 | D:7      | Maurice stole 358 gold
  9750 | D:7      | Maurice stole 228 gold
  9759 | D:7      | Maurice stole 21 gold
  9775 | D:7      | Killed Maurice
  9776 | D:7      | Reached XP level 10. HP: 61/98 MP: 1/15
 10079 | D:8      | Noticed Psyche
 10101 | D:8      | Killed Psyche
 10101 | D:8      | Reached ** piety under Okawaru
 10201 | D:8      | Noticed Maggie
 10202 | D:8      | Found Odil's Antique Weapon Shoppe.
 10265 | D:8      | HP: 3/100 [orc priest/divine providence (14)]
 10609 | D:8      | Noticed Joseph
 10638 | D:8      | HP: 4/100 [Maggie/puff of flame (7)]
 10639 | D:8      | Killed Joseph
 10642 | D:8      | Killed Maggie
 10780 | D:8      | Reached *** piety under Okawaru
 11148 | D:8      | Found an opulent altar of Gozag.
 12151 | D:9      | Found Ysoesoc's Vocational Training.
 12170 | D:9      | Paralysed by a hornet for 3 turns
 12178 | D:9      | Paralysed by a hornet for 1 turns
 12563 | D:10     | Entered Level 10 of the Dungeon
 12563 | D:10     | Found Ugoma's Book Emporium.
 12594 | D:10     | Reached XP level 11. HP: 80/109 MP: 16/16
 12813 | D:10     | Reached **** piety under Okawaru
 13020 | D:10     | Found a staircase to the Lair.
 13088 | D:10     | Found Kozxoalio's Assorted Antiques.
 13096 | D:10     | Bought a glowing dark potion for 33 gold pieces
 13096 | D:10     | Bought a scroll labelled YHUXZO XEREIDGH for 37 gold pieces
 13097 | D:10     | Bought a scroll of identify for 74 gold pieces
 13124 | D:10     | Noticed a two-headed ogre
 13129 | D:10     | Killed a two-headed ogre
 13310 | D:10     | Found Medossyi's Armour Emporium.
 13345 | D:10     | Noticed a two-headed ogre
 13603 | D:10     | Reached ***** piety under Okawaru
 13710 | D:10     | Found a glowing golden altar of the Shining One.
 13781 | D:10     | Found Fuetic's Antique Weapon Boutique.
 14381 | D:11     | Found a transporter.
 14387 | D:11     | Found a transporter.
 14388 | D:11     | Found a transporter.
 14533 | D:11     | Noticed Urug
 14548 | D:11     | Killed Urug
 14872 | D:11     | Found a transporter.
 15224 | D:12     | Found a staircase to the Orcish Mines.
 15322 | Lair:1   | Entered Level 1 of the Lair of Beasts
 15326 | Lair:1   | Received a gift from Okawaru
 15342 | Lair:1   | Reached skill level 10 in Throwing
 15395 | Lair:1   | Reached skill level 10 in Maces & Flails
 15588 | Lair:1   | Found a transporter.
 15599 | Lair:1   | Found a transporter.
 15601 | Lair:1   | Noticed Ypamuuh's ghost (journeyman OpSh)
 15601 | Lair:1   | Noticed a moth of wrath
 15610 | Lair:1   | Noticed a moth of wrath
 15790 | Lair:1   | Reached XP level 12. HP: 81/123 MP: 18/18
 16413 | Lair:1   | Found a runed translucent door.
 16417 | Lair:1   | Noticed a reaper
 16610 | Lair:1   | Killed a reaper
 16726 | Lair:2   | Noticed a catoblepas
 16733 | Lair:2   | Received a gift from Okawaru
 16745 | Lair:2   | Mangled by a komodo dragon

Illustrated notes

Levels and vault maps discovered:
D:1:      roderic_lyre, layout_basic
D:2:      layout_basic, shapermc_ecumenical_altar_mp_urbaneastern,
          minmay_close_crescents
D:3:      layout_loops_ring, mainiacjoe_overflow_paths, gup_sewer_entry_bowl,
          uniq_crazy_yiuf_cottage
D:4:      layout_cave_pools, marbit_many_paths, enter_ossuary_2,
          uniq_blork_the_orc
D:5:      layout_loops_ring, grunt_dithmenos_smoke_and_mirrors, uniq_duvessa,
          uniq_eustachio
D:6:      lemuel_insect_pit, layout_basic, temple_statues, minmay_misc_feat_rows
D:7:      layout_basic, uniq_maurice
D:8:      layout_cave_pools, mainiacjoe_overflow_surrounded_room, serial_shops,
          shop, enter_bailey_5, uniq_maggie, uniq_joseph, uniq_psyche
D:9:      layout_loops_ring, nicolae_shop_vocational
D:10:     layout_stronghold, nicolae_tso_carved_into_rock,
          minmay_lair_entry_grove, serial_shops, nicolae_stop_n_shop_1,
          nicolae_book_shop_shelving, nicolae_shop_gibbet_a_chance, shop
D:11:     layout_irregular_city, nicolae_transporter_circle, uniq_urug
D:12:     layout_gridville, orc_0_dummy, minivault_22, nzn_sisyphean_effort,
          uniq_erolcha, uniq_frances
Temple:   nicolae_temple_bog_church
Lair:1:   layout_regular_city, gammafunk_ghost_berserking_beasts,
          pdpol_lair_cabin_in_the_woods
Lair:2:   layout_cave_pods, hellmonk_spider_entry_not_the_bees

Skill      XL: |  1  2  3  4  5  6  7  8  9 10 11 12 |
---------------+-------------------------------------+-----
Invocations    | 1 2 3 4 5 6 7 9 |  9.4
Fighting       | 3 4 5 6 7 9 |  9.6
Armour         | 1 2 3 5 6 7 8 9 |  9.2
Throwing       | 3 4 5 7 8 10 | 10.7
Maces & Flails | 4 5 7 8 10 | 10.7
Dodging        | |  2.6

Action                     |  1- 3 |  4- 6 |  7- 9 | 10-12 || total
---------------------------+-------+-------+-------+-------++-------
  Melee: Flail             |    96 |   157 |   380 |   300 ||   933
         Headbutt          |    11 |    23 |    77 |   128 ||   239
         Punch             |       |     2 |     9 |     6 ||    17
         Dire flail        |       |       |       |   160 ||   160
  Throw: Boomerang         |       |     3 |     4 |    16 ||    23
         Dart              |       |       |     9 |     3 ||    12
         Throwing net      |       |       |     1 |       ||     1
 Invoke: Heroism           |       |       |     1 |     1 ||     2
    Use: Scroll            |     5 |     5 |     6 |    10 ||    26
         Potion            |       |     5 |     4 |     7 ||    16
   Stab: Sleeping          |       |       |     1 |     3 ||     4
         Petrified         |       |       |       |     2 ||     2
 Armour: Robe              |    69 |   107 |   269 |   148 ||   593
         Skin              |       |       |     1 |    32 ||    33
         Steam dragon scal |       |       |       |   340 ||   340
  Dodge: Dodged            |    57 |    83 |   191 |   263 ||   594
  Block: Other             |     6 |    40 |    90 |   105 ||   241
         Reflection        |       |     1 |       |     1 ||     2
